 Dungeon Crawl Stone Soup version 0.28-a0-1152-g9c71ebef14 (webtiles) character file.

Game seed: 11944132409082993033

53 spaghetti the Sneak (level 3, -9/26 HPs)
             Began as an Octopode Delver on Dec 14, 2021.
             Killed by divine providence
             ... invoked by an orc priest
              (15 damage)
             ... on level 5 of the Dungeon.
             The game lasted 00:01:08 (422 turns).

spaghetti the Sneak (Octopode Delver)                Turns: 422, Time: 00:01:09

Health: -9/26      AC:  1    Str: 13    XL:     3   Next: 89%
Magic:  3/3        EV: 13    Int: 12    God:
Gold:   22         SH:  0    Dex: 13    Spells: 2/2 levels left

rFire   . . .      SeeInvis .   g - +0 quarterstaff {staff}
rCold   . . .      Faith    .   (shield currently unavailable)
rNeg    . . .      Spirit   .   (helmet restricted)
rPois   .          Reflect  .   (no amulet)
rElec   .          Harm     .   (no ring)
rCorr   .          Rampage  .   (no ring)
Will    .....                   (no ring)
Stlth   ++++......              (no ring)
HPRegen 0.08/turn               (no ring)
MPRegen 0.08/turn               (no ring)
                                (no ring)
                                (no ring)

@: no status effects
A: almost no armour, amphibious, 8 rings, camouflage 1, gelatinous body 1,
(nimble swimmer 1), tentacles
a: no special abilities


You were on level 5 of the Dungeon.
You visited 1 branch of the dungeon, and saw 2 of its levels.

You collected 22 gold pieces.


Innate Abilities, Weirdness & Mutations

You cannot wear most types of armour.
You are amphibious.
You can wear up to eight rings at the same time.
Your skin changes colour to match your surroundings (Stealth+).
Your rubbery body absorbs attacks. (AC +1, EV +1)
((You are camouflaged near water. (Stealth+)))
You have tentacles for arms and can constrict up to eight enemies at once.


   Skills:
 - Level 3.0 Fighting
 - Level 2.0 Axes
 + Level 3.3 Staves
 - Level 2.0 Dodging
 - Level 6.6 Stealth


You had 2 spell levels left.
You didn't know any spells.
Your spell library was empty.

Inventory:

Hand Weapons
 a - a +0 hand axe {axe}
 g - a +0 quarterstaff (weapon) {staff}
   (You found it on level 6 of the Dungeon)
Wands
 f - a wand of digging (3)
Scrolls
 b - a scroll of fog
 c - a scroll of magic mapping {!r}
 d - a scroll of fear

Dungeon Overview and Level Annotations

Branches:
Dungeon (6/15)
 Temple: D:4-7

Altars:

Shops:
D:6 :

Annotations:
D:5 Prince Ribbit

.....# ... ##...... ...
# ##....... #.# .#
###.....# #.#
#.###.....### #.#
#.......## #.# .#
#.......### ##.##..#
##.........######...ho#
#.............##@o#h..#
................####..#
..........#####.# #..#
..........## ..# .o.#
##.....#.).###..#####
....
##....##..##.>.....#
...
###...####....####...
... ......## #..###
###....###...###


You could see a hound (wandering) and 2 orc priests.


Message History

Unknown command.
There is a fountain of sparkling water here.
The hound barks!
You hear a shout! x2
A wyvern skeleton is nearby!
A wyvern skeleton is nearby!
Okay, then.
Unknown command.
The black bear growls angrily.
You sock the wyvern skeleton! The wyvern skeleton closely misses you.
The wyvern skeleton barely misses you.
You hit the wyvern skeleton. The wyvern skeleton bites you!
Ouch! That really hurt!
* * * LOW HITPOINT WARNING * * *
The wyvern skeleton bites you.
* * * LOW HITPOINT WARNING * * *
😱 HP[-15]
You take 15 damage, and now have 1/16 hp.
MASSIVE DAMAGE!! (PAUSE) Unknown command.
Okay, then.
Unknown command.
Okay, then.
Okay, then.
Okay, then.
You feel yourself speed up. The wyvern skeleton barely misses you.
You hit the wyvern skeleton.
An orc comes into view. It is wielding a +0 mace.
The wyvern skeleton misses you.
You completely miss the wyvern skeleton.
You squeeze the wyvern skeleton!
The wyvern skeleton completely misses you.
You hit the wyvern skeleton. You squeeze the wyvern skeleton!
The wyvern skeleton barely misses you.
You hit the wyvern skeleton.
You destroy the wyvern skeleton!
Your Staves skill gained 3 levels and is now at level 3!
You have reached level 2!
You have reached level 3!
Your experience leads to an increase in your attributes!
Increase (S)trength, (I)ntelligence, or (D)exterity?
You feel stronger. x2 😱 HP[+1] MP[+2]
You now have 26 max hp (+10).
Your mp is fully restored (3). 😱 HP[+1]
There is a stone staircase leading up here.
You climb upwards.
Level annotation: Prince Ribbit
There is a stone staircase leading down here.
Unknown command.
Unknown command.
You start resting.
Your extra speed is starting to run out.
You feel yourself slow down.
Unknown command. 😨 HP[+10]
You regained 10 hp, and now have 13/26 hp.
You start resting. 😎 HP[+13]
Your hp is fully restored (26).
Okay, then.
You aren't carrying any potions.
Okay, then.
Press: ? - help, v - describe, . - travel
Here: Prince Ribbit (asleep)
The floor.
Placed new exclusion.
Unknown command.
There is a stone staircase leading down here.
Found an escape hatch in the floor.
You see here a +0 hand axe {axe}.
You now have 9 gold pieces.
You now have 22 gold pieces (gained 13).
An orc and an orc priest come into view.
A hound comes into view.
You hit the hound. You grab the hound. You squeeze the hound.
You constrict the hound.
The orc shouts!
The hound closely misses you.
The orc priest shouts!
You hear a shout! x2
You release your grip on the hound.
You hit the orc. You grab the orc. You constrict the orc.
The orc hits you with a +0 war axe! 😮 HP[-7]
You take 7 damage, and now have 19/26 hp.
MASSIVE DAMAGE!! (PAUSE) Unknown command.
You hit the orc.
You kill the orc!
An orc priest comes into view. It is wielding a +0 club.
You see here a +0 war axe {axe}.
The orc priest shouts!
You hit the orc priest. You grab the orc priest. You constrict the orc priest.
The orc priest invokes the aid of Beogh against you.
Beogh smites you!
Ouch! That really hurt!
* * * LOW HITPOINT WARNING * * *
The orc priest mumbles some strange prayers to Beogh against you.
Beogh smites you!
Ouch! That really hurt!
You die...

Skill      XL: |  1 |
---------------+----+-----
Staves         | 3 |  3.3
Fighting       | |  3.0
Axes           | |  2.0
Dodging        | |  2.0
Stealth        | |  6.6

Action                   || total
-------------------------++-------
Melee: Quarterstaff      ||    10
       Tentacles         ||     3
       Constrict         ||     3
  Use: Potion            ||     1
Dodge: Dodged            ||     7

Levels and vault maps discovered:
D:5:      layout_layer_cave, uniq_prince_ribbit1
D:6:      layout_loops_ring, nicolae_shop_self_help

Notes
Turn   | Place    | Note
-------+----------+-------------------------------------------
     0 | D:5      | spaghetti the Octopode Delver began the quest for the Orb.
     0 | D:5      | Reached XP level 1. HP: 16/16 MP: 1/1
     0 | D:5      | magus.rc [v1.9.6]
     2 | D:5      | Noticed Prince Ribbit
    33 | D:6      | Found Umerph's Self-Improvement Boutique.
    34 | D:6      | Noticed a black bear
    36 | D:6      | Noticed a hound
    37 | D:6      | Noticed an orc priest
    49 | D:6      | HP: 1/16 [wyvern skeleton (5)]
    55 | D:6      | Reached skill level 3 in Staves
    55 | D:6      | Reached XP level 2. HP: 2/21 MP: 2/2
    55 | D:6      | Reached XP level 3. HP: 2/26 MP: 3/3
   422 | D:5      | HP: 6/26 [orc priest/divine providence (13)]
   422 | D:5      | Killed from afar by an orc priest

Vanquished Creatures
  A wyvern skeleton (D:6)
  An orc (D:5)
2 creatures vanquished.

Table legend:
 A = Non-vault XP
 B = Vault XP
 C = Vault XP percentage of total XP
 D = Non-vault monster count
 E = Vault monster count
 F = Vault count percentage of total count
                 A         B        C        D         E       F
            +---------+---------+-------+---------+---------+-------
      Total |      77 |       0 |   0.0 |       2 |       0 |   0.0
            +---------+---------+-------+---------+---------+-------
        D:5 |       3 |       0 |   0.0 |       1 |       0 |   0.0
        D:6 |      74 |       0 |   0.0 |       1 |       0 |   0.0
            +---------+---------+-------+---------+---------+-------

Illustrated notes

Table legend:
 A = Kills in this place as a percentage of kills in entire the game.
 B = Kills by you in this place as a percentage of kills by you in the entire game.
 C = Kills by friends in this place as a percentage of kills by friends in the entire game.
 D = Other kills in this place as a percentage of other kills in the entire game.
 E = Experience gained in this place as a percentage of experience gained in the entire game.
 F = Experience gained in this place divided by the number of levels of this place that you have seen.
                   A       B       C       D       E      F
               +-------+-------+-------+-------+-------+----------------------
         Total | 100.0 | 100.0 |   N/A |   N/A | 100.0 |  38.5
       Dungeon | 100.0 | 100.0 |   N/A |   N/A | 100.0 |  38.5
               +-------+-------+-------+-------+-------+----------------------

Table legend: (Time is in decaauts)
 A = Elapsed time spent in this place.
 B = Non-inter-level travel time spent in this place.
 C = Inter-level travel time spent in this place.
 D = Time resting spent in this place.
 E = Time spent auto-exploring this place.
 F = Levels seen in this place.
 G = Mean time per level.
                   A        B        C        D        E       F      G
               +--------+--------+--------+--------+--------+-----+--------+
         Total |    411 |    411 |      0 |    277 |     71 |   2 |  205.5 |
       Dungeon |    411 |    411 |      0 |    277 |     71 |   2 |  205.5 |
               +--------+--------+--------+--------+--------+-----+--------+

Top non-repeatable levels by time:
     D:5: 352 daAuts
     D:6: 59 daAuts
